 Dungeon Crawl Stone Soup version 0.17-a0-1508-ge7f3dc3 (webtiles) character file.

786 nubinia the Sneak (level 7, -7/44 HPs)
             Began as an Octopode Wizard on July 10, 2015.
             Mangled by a wasp zombie (11 damage)
             ... on level 6 of the Dungeon.
             The game lasted 00:36:58 (8002 turns).

nubinia the Sneak (Octopode Wizard)                 Turns: 8002, Time: 00:36:59

Health: -7/44      AC:  1    Str:  6    XL:     7   Next: 87%
Magic:  5/14       EV: 13    Int: 22    God:
Gold:   201        SH:  0    Dex: 11    Spells: 5 memorised, 5 levels left

rFire  . . .     SeeInvis +     h - +0 dagger
rCold  . . .     Clarity  .     (no shield)
rNeg   . . .     SustAt   .     a - +0 hat
rPois  .         Gourm    .     (no amulet)
rElec  .         Spirit   .     v - ring of see invisible
rCorr  .         Warding  .     (no ring)
rMut   .         Stasis   .     (no ring)
MR     .....                    (no ring)
Stlth  ++++......               (no ring)
                                (no ring)
                                (no ring)
                                (no ring)

@: very slightly contaminated, repel missiles, not resistant to hostile
enchantments, stealthy
A: almost no armour, amphibious, 8 rings, constrict 8, camouflage 1, gelatinous
body 1
a: no special abilities


You were on level 6 of the Dungeon.
You were not hungry.

You visited 1 branch of the dungeon, and saw 6 of its levels.

You collected 201 gold pieces.

Inventory:

Hand weapons
 h - a +0 dagger (weapon)
 w - a +0 blowgun
Missiles
 x - 28 poisoned needles
Armour
 a - a +0 hat (worn)
 i - a +0 buckler
Jewellery
 v - a ring of see invisible (left tentacle)
Magical devices
 g - a wand of digging (11)
 n - a wand of draining (5)
 u - a wand of slowing (29)
 D - a wand of draining (5)
Scrolls
 j - 4 scrolls of identify
 k - a scroll of teleportation
 l - a scroll of enchant weapon
 r - a scroll of enchant armour {unknown}
 s - a scroll of amnesia
 y - a scroll of noise {unknown}
 z - a scroll of remove curse
Potions
 e - 2 potions of flight
 m - a potion of brilliance
 q - 2 potions of agility
 A - 3 potions of curing
 B - 2 potions of ambrosia
Books
 b - a book of Minor Magic

   Spells                             Type                      Level
   a - Magic Dart                     Conjuration                  1
   b - Blink                          Translocation                2
   c - Call Imp                       Summoning                    2
   d - Repel Missiles                 Charms/Air                   2
   e - Slow                           Hexes                        2
   f - Conjure Flame                  Conjuration/Fire             3
   g - Mephitic Cloud                 Conjuration/Poison/Air       3
Comestibles
 c - 3 bread rations
 d - 3 fruits
 f - 3 meat rations
 o - 2 royal jellies
 t - a slice of pizza
 C - 6 chunks of flesh


   Skills:
 + Level 1.8 Fighting
 + Level 1.1 Short Blades
 + Level 1.0 Throwing
 + Level 3.4 Dodging
 + Level 5.4 Stealth
 + Level 0.2 Unarmed Combat
 + Level 5.1 Spellcasting
 + Level 2.8 Conjurations
 + Level 0.6 Charms
   Level 1.0 Summonings
 + Level 1.0 Translocations
 + Level 0.4 Air Magic
 + Level 3.9 Poison Magic


You had 5 spell levels left.
You knew the following spells:

 Your Spells              Type           Power        Failure   Level  Hunger
a - Magic Dart            Conj           ###.         3%          1    None
b - Blink                 Tloc           N/A          12%         2    None
c - Mephitic Cloud        Conj/Pois/Air  ###.....     12%         3    ##.....
d - Conjure Flame         Conj/Fire      ##......     17%         3    ##.....
r - Repel Missiles        Chrm/Air       #.....       14%         2    None


Dungeon Overview and Level Annotations

Branches:
Dungeon (6/15)
 Temple: D:4-7

Altars:
Dithmenos
Nemelex Xobeh
Xom


Innate Abilities, Weirdness & Mutations

You cannot wear most types of armour.
You are amphibious.
You can wear up to eight rings at the same time.
You can use your tentacles to constrict eight enemies at once.
Your skin changes colour to match your surroundings (Stealth).
Your rubbery body absorbs attacks (AC +1).


Message History

Casting: Magic Dart
Confirm with . or Enter, or press ? or * to list all spells.
Aiming: Magic Dart
Press: ? - help, Shift-Dir - straight line, f/p - wasp zombie
Aim: a wasp zombie (constricted by you)
The magic dart hits the wasp zombie.
You constrict the wasp zombie. The wasp zombie closely misses you.
Unknown command.
Unknown command.
Unknown command.
Casting: Magic Dart
Confirm with . or Enter, or press ? or * to list all spells.
Aiming: Magic Dart
Press: ? - help, Shift-Dir - straight line, f/p - wasp zombie
Aim: a wasp zombie (constricted by you)
The magic dart hits the wasp zombie.
You constrict the wasp zombie. The wasp zombie hits you!
* * * LOW HITPOINT WARNING * * *
The wasp zombie hits you!
You die...

...## ....#
...... ......
## #......
#..###.......
#..#..Z.....#
#..@# ##.##
#.# ##.#
###..##
#.....#
#####....#
.#### .#


You could see a wasp zombie.

Vanquished Creatures
  The ghost of Alipheese the Magician, an average NaAr (D:3)
  An ogre (D:4)
  A centaur (D:5)
  Blork the orc (D:4)
  2 giant frogs
  A crimson imp (D:5)
  An orc wizard (D:4)
  2 worker ants
  2 gnolls (D:4)
  4 river rats (D:4)
  4 adders
  2 oozes
  3 worms
  A giant gecko (D:5)
  11 orcs
  2 ball pythons (D:3)
  2 bat skeletons (D:4)
  7 giant cockroaches
  16 hobgoblins
  7 jackals
  13 bats
  A giant gecko skeleton (D:4)
  9 giant newts
  15 goblins
  14 kobolds
  11 rats
  A plant (D:4)
135 creatures vanquished.

Vanquished Creatures (others)
  2 plants (D:4)
2 creatures vanquished.

Grand Total: 137 creatures vanquished

Notes
Turn   | Place    | Note
--------------------------------------------------------------
     0 | D:1      | nubinia the Octopode Wizard began the quest for the Orb.
     0 | D:1      | Reached XP level 1. HP: 11/11 MP: 4/4
   578 | D:1      | Reached XP level 2. HP: 17/17 MP: 4/6
   582 | D:1      | Learned a level 2 spell: Blink
   585 | D:1      | Learned a level 2 spell: Repel Missiles
  1190 | D:1      | Reached XP level 3. HP: 21/21 MP: 1/8
  1195 | D:1      | Learned a level 3 spell: Mephitic Cloud
  1849 | D:2      | Reached XP level 4. HP: 12/27 MP: 2/9
  2005 | D:2      | Reached skill level 4 in Spellcasting
  2005 | D:2      | Reached skill level 1 in Poison Magic
  2888 | D:3      | Noticed Alipheese's ghost (average NaAr)
  3560 | D:3      | Found a shadowy altar of Dithmenos.
  3641 | D:3      | HP: 1/27 [Alipheese's ghost (9)]
  3701 | D:3      | Killed Alipheese's ghost
  3701 | D:3      | Reached skill level 1 in Fighting
  3701 | D:3      | Reached XP level 5. HP: 7/33 MP: 0/11
  3969 | D:3      | Learned a level 3 spell: Conjure Flame
  5181 | D:4      | Noticed an ogre
  5245 | D:4      | Killed an ogre
  5245 | D:4      | Reached XP level 6. HP: 38/38 MP: 0/12
  5998 | D:4      | Found a shimmering altar of Xom.
  6055 | D:4      | Noticed Blork the orc
  6100 | D:4      | Killed Blork the orc
  6221 | D:3      | Reached XP level 7. HP: 38/43 MP: 12/14
  6970 | D:5      | Entered Level 5 of the Dungeon
  7179 | D:5      | Reached skill level 5 in Stealth
  7415 | D:5      | Reached skill level 5 in Spellcasting
  7692 | D:5      | Found a sparkling altar of Nemelex Xobeh.
  7907 | D:5      | Reached skill level 1 in Short Blades
  7907 | D:5      | Reached skill level 1 in Throwing
  8002 | D:6      | Mangled by a wasp zombie

Vault maps used:
D:1:      evilmike_arrival_crescent
D:2:      first_bread, minivault_24
D:3:      grunt_dithmenos_smoke, serial_aquarium, aquarium_bridge_straight,
          aquarium_window_fake, aquarium_window_fake, aquarium_view_2c,
          aquarium_view_2e, aquarium_balcony_double_4, aquarium_pool_1
D:4:      wad_woods_stonehenge, st_stairs_10, uniq_blork_the_orc
D:5:      nemelex_xobeh_ov_fountains_minmay, grunt_ministairs_15

Action                   |  1- 3 |  4- 6 |  7- 9 || total
-------------------------+-------+-------+-------++-------
Melee: Unarmed           |     6 |       |       ||     6
       Dagger            |    41 |   106 |    74 ||   221
 Fire: Blowgun           |       |     3 |     2 ||     5
 Cast: Magic Dart        |    58 |   170 |    56 ||   284
       Repel Missiles    |     1 |     1 |     1 ||     3
       Mephitic Cloud    |       |     6 |     4 ||    10
  Use: Scroll            |     1 |     5 |     6 ||    12
       Potion            |       |     1 |     1 ||     2
 Stab: Sleeping          |     3 |     8 |     1 ||    12
       Confused          |       |     1 |     3 ||     4
       Distracted        |       |       |     1 ||     1
  Eat: Chunk             |     3 |    12 |     6 ||    21
       Beef jerky        |       |     1 |       ||     1
